 Dungeon Sprint DCSS version 0.28-a0-101-g18048e5a82 (webtiles) character file.

Game seed: 5907203685658078479

4 MikeHunt the Sneak (level 1, -1/27 HPs)
             Began as a Naga Wanderer on Aug 10, 2021.
             Slain by a human (6 damage)
             ... in the Dungeon (Sprint III: "The Ten Rune Challenge").
             The game lasted 00:01:26 (63 turns).

MikeHunt the Sneak (Naga Wanderer)                    Turns: 63, Time: 00:01:27

Health: -1/27      AC:  1    Str: 15    XL:     1   Next: 60%
Magic:  2/3        EV:  9    Int: 12    God:
Gold:   0          SH:  0    Dex:  9    Spells: 3/4 levels left

rFire   . . .      SeeInvis +   a - +0 spear
rCold   . . .      Faith    .   (no shield)
rNeg    . . .      Spirit   .   b - +0 robe
rPois   +          Reflect  .   (helmet currently unavailable)
rElec   .          Harm     .   (no cloak)
rCorr   .          Rampage  .   (no gloves)
Will    .....      NoTele   +   (no barding)
Stlth   ..........              (no amulet)
HPRegen 0.09/turn               (no ring)
MPRegen 0.08/turn               (no ring)

@: berserking, appendages, quick
A: horns 2, AC +0, large, see invisible, deformed body, poison resistance,
slowness 2, spit poison 1, naga tail 1
a: Spit Poison, End Transformation


You were in the Dungeon.
You had temporarily grown beastly horns.
You visited 1 branch

Inventory:

Hand Weapons
 a - a +0 spear (weapon)
 c - a +0 dagger
Armour
 b - a +0 robe (worn)
Scrolls
 i - a scroll of blinking
 j - a scroll of enchant armour {unknown}
Potions
 d - a potion of curing
 e - a potion of heal wounds
 f - a potion of haste
 g - 2 potions of magic
 k - 2 potions of might {unknown}


   Skills:
 - Level 1.0 Fighting
 - Level 1.5 Armour
 - Level 3.0 Stealth
 + Level 2.0 Unarmed Combat
 - Level 2.0 Spellcasting
 - Level 1.0 Translocations
 + Level 3.0 Transmutations


You had 3 spell levels left.
You knew the following spells:

 Your Spells              Type           Power      Damage    Failure   Level
e - Beastly Appendage     Tmut           16%        N/A       8%          1

Your spell library contained the following spells:

 Spells                   Type           Power      Damage    Failure   Level
 Wereblood                Tmut           8%         N/A       12%         2
 Freeze                   Ice            4%         1d3       26%         1
 Spider Form              Tmut/Pois      2%         N/A       41%         3
 Ozocubu's Armour         Ice            1%         N/A       63%         3
 Ice Form                 Ice/Tmut       4%         N/A       82%         4


Dungeon Overview and Level Annotations

Branches:
Dungeon (1/1)

Altars:


Innate Abilities, Weirdness & Mutations

You have temporarily grown beastly horns.
Your serpentine skin is tough. (AC +0)
You have supernaturally acute eyesight. (SInv)
Armour fits poorly on your strangely shaped body.
Your system is resistant to poisons. (rPois)
You cover ground very slowly.
You can spit poison.
You have a snake-like lower body.


Message History

You have got your breath back.
k - 2 red potions A rat comes into view.
You reach to attack!
You hit the rat but do no damage. You hit the rat.
The rat is moderately wounded.
The rat barely misses you.
You hit the rat.
You kill the rat!
Your Unarmed Combat skill increases to level 2!
Your Transmutations skill increases to level 3!
No target in view!
A human comes into view.
Press: ? - help, Shift-Dir - straight line, f - human
Aim: a human The splash of poison hits the human.
The human is poisoned.
The human is lightly wounded.
Casting: Beastly Appendage (safe; 8% risk of failure)
Confirm with . or Enter, or press ? or * to list all spells.
You grow a pair of large bovine horns.
You barely miss the human.
The human is lightly wounded.
The human hits you.
You closely miss the human.
The human is lightly wounded.
The human hits you but does no damage.
You closely miss the human.
The human is lightly wounded.
The human barely misses you. The human hits you.
A red film seems to cover your vision as you go berserk!
You feel yourself moving faster!
You feel mighty!
You have got your breath back.
The human hits you.
* * * LOW HITPOINT WARNING * * *
You barely miss the human.
The human is lightly wounded.
You puncture the human!
The human is heavily wounded.
The human hits you.
You die...

▓..##.......#
▓##.##.##..†# .#
##.##.###..# ..#
▓#.####.##..# ...+
▓.###..##..##
#...# ▓#.....##..#
#....#
###..##...##.....#
##..##....#p.....#
#..###..##@# #..#
#.. ### ▓▓▓▓ ▓▓▓


You could see a human (poisoned).

Vanquished Creatures
  2 endoplasms (D)
  2 rats (D)
4 creatures vanquished.

Vanquished Creatures (others)
  2 plants (D)
2 creatures vanquished.

Grand Total: 6 creatures vanquished

Notes
Turn   | Place    | Note
-------+----------+-------------------------------------------
     0 | D        | MikeHunt the Naga Wanderer began the quest for the Orb.
     0 | D        | MikeHunt set off with the following items: a +0 spear, a +0
                  | robe, a +0 dagger, a potion of curing, a potion of heal
                  | wounds, a potion of haste, 2 potions of magic, a potion of
                  | berserk rage, a scroll of blinking; and the following
                  | spells available to memorise: Beastly Appendage, Wereblood,
                  | Freeze, Spider Form, Ozocubu's Armour, Ice Form
     0 | D        | Reached XP level 1. HP: 18/18 MP: 3/3
     3 | D        | Learned a level 1 spell: Beastly Appendage
    15 | D        | Reached skill level 1 in Unarmed Combat
    63 | D        | Slain by a human

Illustrated notes

Levels and vault maps discovered:
D:        dungeon_sprint_mu [sprint_mu_entry_cave, sprint_mu_temple_rooms,
          sprint_mu_d1_horrors, sprint_mu_d2_genie, sprint_mu_d3_branching,
          sprint_mu_orc_legion, sprint_mu_elf_gauntlet, sprint_mu_hive_nellie,
          sprint_mu_lair_fedhas, sprint_mu_vaults_butterflies,
          sprint_mu_slime_circle, sprint_mu_swamp_cave, sprint_mu_shoals_kraken,
          sprint_mu_blade_basic, sprint_mu_crypt_lich, sprint_mu_tomb_spiral,
          sprint_mu_vestibule_basic, sprint_mu_gehenna_hellfire,
          sprint_mu_dis_giant, sprint_mu_tartarus_statrot,
          sprint_mu_cocytus_islands, sprint_mu_zot1]

Skill      XL: |  1 |
---------------+----+-----
Unarmed Combat | 2 |  2.0
Transmutations | 3 |  3.0
Fighting       | |  1.0
Armour         | |  1.5
Stealth        | |  3.0
Spellcasting   | |  2.0
Translocations | |  1.0

Action                   || total
-------------------------++-------
Melee: Spear             ||    11
       Headbutt          ||     1
 Cast: Beastly Appendage ||     2
 Abil: Spit Poison       ||     2
  Use: Potion            ||     1
 Stab: Sleeping          ||     1
Armor: Robe              ||     1
Dodge: Dodged            ||     3

Table legend: (Time is in decaauts)
 A = Elapsed time spent in this place.
 B = Non-inter-level travel time spent in this place.
 C = Inter-level travel time spent in this place.
 D = Time resting spent in this place.
 E = Time spent auto-exploring this place.
 F = Levels seen in this place.
 G = Mean time per level.
                   A        B        C        D        E       F      G
               +--------+--------+--------+--------+--------+-----+--------+
         Total |     79 |     79 |      0 |      0 |      0 |   1 |   79.0 |
       Dungeon |     79 |     79 |      0 |      0 |      0 |   1 |   79.0 |
               +--------+--------+--------+--------+--------+-----+--------+

Top non-repeatable levels by time:
       D: 79 daAuts
